 Dungeon Crawl Stone Soup version 0.21-a0-504-g2eda330 (webtiles) character file.

98 sagitran the Chiller (level 4, 0/31 HPs)
             Began as a Barachi Ice Elementalist on Nov 26, 2017.
             Succumbed to a kobold's poison
             ... on level 2 of the Dungeon.
             The game lasted 00:13:16 (2406 turns).

sagitran the Chiller (Barachi Ice Elementalist)     Turns: 2406, Time: 00:13:16

Health: 0/31       AC:  6    Str:  9    XL:     4   Next: 69%
Magic:  1/8        EV:  9    Int: 26    God:
Gold:   39         SH:  0    Dex: 13    Spells: 2/8 levels left

rFire    . . .     SeeInvis .   m - -3 short sword (curse)
rCold    . . .     Gourm    .   (no shield)
rNeg     . . .     Faith    .   d - +0 scale mail (curse)
rPois    .         Spirit   .   (no helmet)
rElec    .         Reflect  .   (no cloak)
rCorr    .         Harm     .   (no gloves)
MR       .....                  (no boots)
Stlth    +.........             (no amulet)
HPRegen  0.10/turn              h - +5 ring of intelligence
MPRegen  0.11/turn              (no ring)

@: brilliant, lethally poisoned (0 -> -10), can't hop, slow
A: +LOS, swims, slowness 1, strong legs 1
a: Hop


You were on level 2 of the Dungeon.
You were not hungry.

You visited 1 branch of the dungeon, and saw 2 of its levels.

You collected 39 gold pieces.

Inventory:

Hand Weapons
 f - a +0 club
 m - a cursed -3 short sword (weapon)
Armour
 a - a +0 robe
 d - a cursed +0 scale mail (worn)
 e - a +0 ring mail
 n - a +0 leather armour
 o - a cursed +0 animal skin
 p - a +1 helmet
Jewellery
 h - a +5 ring of intelligence (left hand)
Scrolls
 l - a scroll of amnesia
Books
 b - a book of Frost

   Spells                             Type                      Level
   a - Freeze                         Ice                          1
   b - Throw Frost                    Conjuration/Ice              2
   c - Ozocubu's Armour               Charms/Ice                   3
   d - Throw Icicle                   Conjuration/Ice              4
   e - Summon Ice Beast               Ice/Summoning                4
Comestibles
 c - 2 bread rations
 i - 3 fruits
 j - 8 chunks of flesh
 k - a meat ration


   Skills:
 + Level 0.7 Fighting
 + Level 0.2 Short Blades
 + Level 0.2 Maces & Flails
 + Level 1.0 Armour
 + Level 2.5 Dodging
 + Level 2.3 Stealth
 + Level 0.4 Unarmed Combat
 + Level 2.9 Spellcasting
 + Level 1.2 Conjurations
 + Level 4.8 Ice Magic


You had 2 spell levels left.
You knew the following spells:

 Your Spells              Type           Power        Failure   Level  Hunger
a - Freeze                Ice            ####         1%          1    None
b - Throw Frost           Conj/Ice       #####.       4%          2    ##.....
c - Ozocubu's Armour      Chrm/Ice       ####....     10%         3    ###....


Dungeon Overview and Level Annotations

Branches:
Dungeon (2/15)

Altars:


Innate Abilities, Weirdness & Mutations

Shadows flee at your approach. (+LOS)
You can swim through water.
You cover ground slowly.
You can hop short distances.


Message History

You hit the giant cockroach but do no damage.
The giant cockroach is almost dead.
* * * LOW HITPOINT WARNING * * *
You feel sick.
The jackal stops to sniff the ground.
The jackal bites you but does no damage.
The giant cockroach bites you.
* * * LOW HITPOINT WARNING * * *
Your scale mail prevents you from hitting the giant cockroach.
The giant cockroach is almost dead.
* * * LOW HITPOINT WARNING * * *
You feel sick.
The jackal bites you but does no damage.
The giant cockroach bites you.
* * * LOW HITPOINT WARNING * * *
The jackal bites you but does no damage.
The jackal barely misses you.
You closely miss the giant cockroach.
The giant cockroach is almost dead.
You die...

,,,,**,,,,,,,,,,,..,,,,*,*
,,,,**,,,..#*,,_,.#*,*****
******,,,..#,,,,,..*,,,,,* **
*,,,..#,****.###*******##### ,*
****#.#,,,,,...,,,,,,,,#.... ,*
#.######.#********,#.### ,*
#.#......# *,,,,,#.### .#######
#.##..h..# **,***#....
.......###.##ghs@.###***,* ######
###.#...†...'.gh.......#,* #.)...
,,#.#..###.##.....##.....* #.####
*,#.#..................#.* #..)..
*,#.#.##...#######.##**##########
*,#.#.#..............,,..........
*,#.#.#.##.#######.############..
,,#.#.#.#...()...#.# #..÷...(....
**#.#.#.#.#.##..(..# #)###.......


You could see 3 jackals, a giant cockroach, a hobgoblin and a goblin.

Vanquished Creatures
  Robin (D:2)
  2 oozes
  A worm (D:2)
  3 dart slugs (D:1)
  2 leopard geckos
  5 bats
  2 giant cockroaches (D:1)
  15 goblins
  7 hobgoblins
  8 jackals
  5 kobolds
  4 frilled lizards
  8 rats (D:1)
63 creatures vanquished.

Notes
Turn   | Place    | Note
-------+----------+-------------------------------------------
     0 | D:1      | sagitran the Barachi Ice Elementalist began the quest for the Orb.
     0 | D:1      | Reached XP level 1. HP: 13/13 MP: 3/3
   250 | D:1      | Reached skill level 4 in Ice Magic
   250 | D:1      | Reached XP level 2. HP: 15/19 MP: 5/5
   312 | D:1      | Learned a level 2 spell: Throw Frost
   629 | D:1      | Reached XP level 3. HP: 20/24 MP: 6/6
  1892 | D:2      | Reached XP level 4. HP: 26/30 MP: 8/8
  1897 | D:2      | Learned a level 3 spell: Ozocubu's Armour
  2008 | D:2      | Noticed Robin
  2033 | D:2      | Killed Robin
  2264 | D:2      | Reached skill level 1 in Armour
  2405 | D:2      | HP: 1/31 [giant cockroach (1)]
  2406 | D:2      | Succumbed to a kobold's poison

Vault maps used:
D:1:      dpeg_arrival_another_circle, minmay_small_reverse_x
D:2:      grunt_dithmenos_smoke, minmay_item_behind_shaft, minivault_5,
          uniq_sigmund, uniq_robin

Skill      XL: |  1  2  3  4 |
---------------+-------------+-----
Ice Magic      | 4 |  4.8
Stealth        | 2 |  2.3
Armour         | 1 |  1.0
Fighting       | |  0.7
Short Blades   | |  0.2
Maces & Flails | |  0.2
Dodging        | |  2.5
Unarmed Combat | |  0.4
Spellcasting   | |  2.9
Conjurations   | |  1.2

Action                   |  1- 3 |  4- 6 || total
-------------------------+-------+-------++-------
Melee: Unarmed           |    23 |       ||    23
       Club              |    33 |       ||    33
       Short sword       |    64 |    95 ||   159
 Cast: Freeze            |    30 |    19 ||    49
       Throw Frost       |    12 |     2 ||    14
 Abil: Hop               |       |     2 ||     2
  Use: Scroll            |     2 |     1 ||     3
       Potion            |     1 |     1 ||     2
  Eat: Chunk             |     3 |     2 ||     5
       Royal jelly       |     1 |       ||     1
Armor: Robe              |    19 |       ||    19
       Ring mail         |    22 |       ||    22
       Scale mail        |    21 |    94 ||   115
Dodge: Dodged            |    83 |    81 ||   164

Table legend:
 A = Spawn XP
 B = Non-spawn XP
 C = Spawn XP percentage of total XP
 D = Spawn monster count
 E = Non-spawn monster count
 F = Spawn count percentage of total count
 G = Total turns spent on level
                    A         B        C        D         E        F      G
               +---------+---------+-------+---------+---------+-------+---------
         Total |       0 |     140 |   0.0 |       0 |      63 |   0.0 |  2406
               +---------+---------+-------+---------+---------+-------+---------
           D:1 |       0 |      72 |   0.0 |       0 |      37 |   0.0 |  1560
           D:2 |       0 |      68 |   0.0 |       0 |      26 |   0.0 |   846
               +---------+---------+-------+---------+---------+-------+---------
